%YAML 1.1
%TAG !u! tag:unity3d.com,2011:
--- !u!1 &754552550700239387
GameObject:
  m_ObjectHideFlags: 0
  m_CorrespondingSourceObject: {fileID: 0}
  m_PrefabInstance: {fileID: 0}
  m_PrefabAsset: {fileID: 0}
  serializedVersion: 6
  m_Component:
  - component: {fileID: 754552550700239386}
  - component: {fileID: 754552550700239381}
  - component: {fileID: 754552550700239380}
  m_Layer: 0
  m_Name: MobileTurretLight
  m_TagString: Untagged
  m_Icon: {fileID: 0}
  m_NavMeshLayer: 0
  m_StaticEditorFlags: 0
  m_IsActive: 1
--- !u!4 &754552550700239386
Transform:
  m_ObjectHideFlags: 0
  m_CorrespondingSourceObject: {fileID: 0}
  m_PrefabInstance: {fileID: 0}
  m_PrefabAsset: {fileID: 0}
  m_GameObject: {fileID: 754552550700239387}
  m_LocalRotation: {x: -0, y: -0, z: -0, w: 1}
  m_LocalPosition: {x: 0, y: 0, z: 0}
  m_LocalScale: {x: 1, y: 1, z: 1}
  m_Children: []
  m_Father: {fileID: 754552551282546621}
  m_RootOrder: 0
  m_LocalEulerAnglesHint: {x: 0, y: 0, z: 0}
--- !u!212 &754552550700239381
SpriteRenderer:
  m_ObjectHideFlags: 0
  m_CorrespondingSourceObject: {fileID: 0}
  m_PrefabInstance: {fileID: 0}
  m_PrefabAsset: {fileID: 0}
  m_GameObject: {fileID: 754552550700239387}
  m_Enabled: 1
  m_CastShadows: 0
  m_ReceiveShadows: 0
  m_DynamicOccludee: 1
  m_MotionVectors: 1
  m_LightProbeUsage: 1
  m_ReflectionProbeUsage: 1
  m_RenderingLayerMask: 1
  m_RendererPriority: 0
  m_Materials:
  - {fileID: 10754, guid: 0000000000000000f000000000000000, type: 0}
  m_StaticBatchInfo:
    firstSubMesh: 0
    subMeshCount: 0
  m_StaticBatchRoot: {fileID: 0}
  m_ProbeAnchor: {fileID: 0}
  m_LightProbeVolumeOverride: {fileID: 0}
  m_ScaleInLightmap: 1
  m_ReceiveGI: 1
  m_PreserveUVs: 0
  m_IgnoreNormalsForChartDetection: 0
  m_ImportantGI: 0
  m_StitchLightmapSeams: 1
  m_SelectedEditorRenderState: 0
  m_MinimumChartSize: 4
  m_AutoUVMaxDistance: 0.5
  m_AutoUVMaxAngle: 89
  m_LightmapParameters: {fileID: 0}
  m_SortingLayerID: 539338111
  m_SortingLayer: 1
  m_SortingOrder: 2
  m_Sprite: {fileID: 4123995483535768714, guid: a210e6ce68835684fba362e872c8f8c6,
    type: 3}
  m_Color: {r: 1, g: 1, b: 1, a: 1}
  m_FlipX: 0
  m_FlipY: 0
  m_DrawMode: 0
  m_Size: {x: 0.12, y: 0.2}
  m_AdaptiveModeThreshold: 0.5
  m_SpriteTileMode: 0
  m_WasSpriteAssigned: 1
  m_MaskInteraction: 0
  m_SpriteSortPoint: 1
--- !u!95 &754552550700239380
Animator:
  serializedVersion: 3
  m_ObjectHideFlags: 0
  m_CorrespondingSourceObject: {fileID: 0}
  m_PrefabInstance: {fileID: 0}
  m_PrefabAsset: {fileID: 0}
  m_GameObject: {fileID: 754552550700239387}
  m_Enabled: 1
  m_Avatar: {fileID: 0}
  m_Controller: {fileID: 9100000, guid: 0da178ebf89fd0740ba6d457968e9d1d, type: 2}
  m_CullingMode: 0
  m_UpdateMode: 0
  m_ApplyRootMotion: 0
  m_LinearVelocityBlending: 0
  m_WarningMessage: 
  m_HasTransformHierarchy: 1
  m_AllowConstantClipSamplingOptimization: 1
  m_KeepAnimatorControllerStateOnDisable: 0
--- !u!1 &754552551282546594
GameObject:
  m_ObjectHideFlags: 0
  m_CorrespondingSourceObject: {fileID: 0}
  m_PrefabInstance: {fileID: 0}
  m_PrefabAsset: {fileID: 0}
  serializedVersion: 6
  m_Component:
  - component: {fileID: 754552551282546621}
  m_Layer: 0
  m_Name: HeadWeapon
  m_TagString: Untagged
  m_Icon: {fileID: 0}
  m_NavMeshLayer: 0
  m_StaticEditorFlags: 0
  m_IsActive: 1
--- !u!4 &754552551282546621
Transform:
  m_ObjectHideFlags: 0
  m_CorrespondingSourceObject: {fileID: 0}
  m_PrefabInstance: {fileID: 0}
  m_PrefabAsset: {fileID: 0}
  m_GameObject: {fileID: 754552551282546594}
  m_LocalRotation: {x: 0, y: 0, z: 0, w: 1}
  m_LocalPosition: {x: 0, y: 0, z: 0}
  m_LocalScale: {x: 1, y: 1, z: 1}
  m_Children:
  - {fileID: 754552550700239386}
  m_Father: {fileID: 754552552506899747}
  m_RootOrder: 1
  m_LocalEulerAnglesHint: {x: 0, y: 0, z: 0}
--- !u!1 &754552551455536597
GameObject:
  m_ObjectHideFlags: 0
  m_CorrespondingSourceObject: {fileID: 0}
  m_PrefabInstance: {fileID: 0}
  m_PrefabAsset: {fileID: 0}
  serializedVersion: 6
  m_Component:
  - component: {fileID: 754552551455536596}
  m_Layer: 0
  m_Name: Sprites
  m_TagString: Untagged
  m_Icon: {fileID: 0}
  m_NavMeshLayer: 0
  m_StaticEditorFlags: 0
  m_IsActive: 1
--- !u!4 &754552551455536596
Transform:
  m_ObjectHideFlags: 0
  m_CorrespondingSourceObject: {fileID: 0}
  m_PrefabInstance: {fileID: 0}
  m_PrefabAsset: {fileID: 0}
  m_GameObject: {fileID: 754552551455536597}
  m_LocalRotation: {x: 0, y: 0, z: 0, w: 1}
  m_LocalPosition: {x: 0, y: 0, z: 0}
  m_LocalScale: {x: 1, y: 1, z: 1}
  m_Children:
  - {fileID: 754552552351587821}
  m_Father: {fileID: 754552552506899747}
  m_RootOrder: 0
  m_LocalEulerAnglesHint: {x: 0, y: 0, z: 0}
--- !u!1 &754552552351587346
GameObject:
  m_ObjectHideFlags: 0
  m_CorrespondingSourceObject: {fileID: 0}
  m_PrefabInstance: {fileID: 0}
  m_PrefabAsset: {fileID: 0}
  serializedVersion: 6
  m_Component:
  - component: {fileID: 754552552351587821}
  - component: {fileID: 754552552351587820}
  - component: {fileID: 754552552351587823}
  m_Layer: 0
  m_Name: MobileTurretSprite
  m_TagString: Untagged
  m_Icon: {fileID: 0}
  m_NavMeshLayer: 0
  m_StaticEditorFlags: 0
  m_IsActive: 1
--- !u!4 &754552552351587821
Transform:
  m_ObjectHideFlags: 0
  m_CorrespondingSourceObject: {fileID: 0}
  m_PrefabInstance: {fileID: 0}
  m_PrefabAsset: {fileID: 0}
  m_GameObject: {fileID: 754552552351587346}
  m_LocalRotation: {x: -0, y: -0, z: -0, w: 1}
  m_LocalPosition: {x: 0, y: 0, z: 0}
  m_LocalScale: {x: 1, y: 1, z: 1}
  m_Children: []
  m_Father: {fileID: 754552551455536596}
  m_RootOrder: 0
  m_LocalEulerAnglesHint: {x: 0, y: 0, z: 0}
--- !u!212 &754552552351587820
SpriteRenderer:
  m_ObjectHideFlags: 0
  m_CorrespondingSourceObject: {fileID: 0}
  m_PrefabInstance: {fileID: 0}
  m_PrefabAsset: {fileID: 0}
  m_GameObject: {fileID: 754552552351587346}
  m_Enabled: 1
  m_CastShadows: 0
  m_ReceiveShadows: 0
  m_DynamicOccludee: 1
  m_MotionVectors: 1
  m_LightProbeUsage: 1
  m_ReflectionProbeUsage: 1
  m_RenderingLayerMask: 1
  m_RendererPriority: 0
  m_Materials:
  - {fileID: 10754, guid: 0000000000000000f000000000000000, type: 0}
  m_StaticBatchInfo:
    firstSubMesh: 0
    subMeshCount: 0
  m_StaticBatchRoot: {fileID: 0}
  m_ProbeAnchor: {fileID: 0}
  m_LightProbeVolumeOverride: {fileID: 0}
  m_ScaleInLightmap: 1
  m_ReceiveGI: 1
  m_PreserveUVs: 0
  m_IgnoreNormalsForChartDetection: 0
  m_ImportantGI: 0
  m_StitchLightmapSeams: 1
  m_SelectedEditorRenderState: 0
  m_MinimumChartSize: 4
  m_AutoUVMaxDistance: 0.5
  m_AutoUVMaxAngle: 89
  m_LightmapParameters: {fileID: 0}
  m_SortingLayerID: 539338111
  m_SortingLayer: 1
  m_SortingOrder: 1
  m_Sprite: {fileID: -5903914258536822520, guid: 3324032679ab30a4e9c046dadf3d2a59,
    type: 3}
  m_Color: {r: 1, g: 1, b: 1, a: 1}
  m_FlipX: 0
  m_FlipY: 0
  m_DrawMode: 0
  m_Size: {x: 0.12, y: 0.2}
  m_AdaptiveModeThreshold: 0.5
  m_SpriteTileMode: 0
  m_WasSpriteAssigned: 1
  m_MaskInteraction: 0
  m_SpriteSortPoint: 1
--- !u!95 &754552552351587823
Animator:
  serializedVersion: 3
  m_ObjectHideFlags: 0
  m_CorrespondingSourceObject: {fileID: 0}
  m_PrefabInstance: {fileID: 0}
  m_PrefabAsset: {fileID: 0}
  m_GameObject: {fileID: 754552552351587346}
  m_Enabled: 1
  m_Avatar: {fileID: 0}
  m_Controller: {fileID: 9100000, guid: d70df28478d676043a0c3c05b00ea05f, type: 2}
  m_CullingMode: 0
  m_UpdateMode: 0
  m_ApplyRootMotion: 0
  m_LinearVelocityBlending: 0
  m_WarningMessage: 
  m_HasTransformHierarchy: 1
  m_AllowConstantClipSamplingOptimization: 1
  m_KeepAnimatorControllerStateOnDisable: 0
--- !u!1 &754552552506899750
GameObject:
  m_ObjectHideFlags: 0
  m_CorrespondingSourceObject: {fileID: 0}
  m_PrefabInstance: {fileID: 0}
  m_PrefabAsset: {fileID: 0}
  serializedVersion: 6
  m_Component:
  - component: {fileID: 754552552506899747}
  - component: {fileID: 754552552506899744}
  - component: {fileID: 754552552506899748}
  - component: {fileID: 754552552506899751}
  - component: {fileID: 754552552506899749}
  - component: {fileID: 8835543570737742249}
  - component: {fileID: 8835543570737742250}
  m_Layer: 0
  m_Name: MobileTurretPlayer
  m_TagString: Player
  m_Icon: {fileID: 0}
  m_NavMeshLayer: 0
  m_StaticEditorFlags: 0
  m_IsActive: 1
--- !u!4 &754552552506899747
Transform:
  m_ObjectHideFlags: 0
  m_CorrespondingSourceObject: {fileID: 0}
  m_PrefabInstance: {fileID: 0}
  m_PrefabAsset: {fileID: 0}
  m_GameObject: {fileID: 754552552506899750}
  m_LocalRotation: {x: 0, y: 0, z: 0, w: 1}
  m_LocalPosition: {x: 0, y: 0, z: 0}
  m_LocalScale: {x: 1, y: 1, z: 1}
  m_Children:
  - {fileID: 754552551455536596}
  - {fileID: 754552551282546621}
  - {fileID: 3930567491862874369}
  - {fileID: 2853367278895588399}
  - {fileID: 7662850261866763965}
  m_Father: {fileID: 0}
  m_RootOrder: 0
  m_LocalEulerAnglesHint: {x: 0, y: 0, z: 0}
--- !u!50 &754552552506899744
Rigidbody2D:
  serializedVersion: 4
  m_ObjectHideFlags: 0
  m_CorrespondingSourceObject: {fileID: 0}
  m_PrefabInstance: {fileID: 0}
  m_PrefabAsset: {fileID: 0}
  m_GameObject: {fileID: 754552552506899750}
  m_BodyType: 0
  m_Simulated: 1
  m_UseFullKinematicContacts: 0
  m_UseAutoMass: 0
  m_Mass: 10
  m_LinearDrag: 15
  m_AngularDrag: 0.05
  m_GravityScale: 0
  m_Material: {fileID: 0}
  m_Interpolate: 1
  m_SleepingMode: 1
  m_CollisionDetection: 0
  m_Constraints: 4
--- !u!114 &754552552506899748
MonoBehaviour:
  m_ObjectHideFlags: 0
  m_CorrespondingSourceObject: {fileID: 0}
  m_PrefabInstance: {fileID: 0}
  m_PrefabAsset: {fileID: 0}
  m_GameObject: {fileID: 754552552506899750}
  m_Enabled: 1
  m_EditorHideFlags: 0
  m_Script: {fileID: 11500000, guid: 850c45b96d5065646bbb2503ebe7a036, type: 3}
  m_Name: 
  m_EditorClassIdentifier: 
  playerRigidbody2D: {fileID: 754552552506899744}
  playerAnimator: {fileID: 754552552351587823}
  weapon: {fileID: 0}
  weaponAnimator: {fileID: 0}
  flippable: 0
  walkSpeedModifier: 1
--- !u!114 &754552552506899751
MonoBehaviour:
  m_ObjectHideFlags: 0
  m_CorrespondingSourceObject: {fileID: 0}
  m_PrefabInstance: {fileID: 0}
  m_PrefabAsset: {fileID: 0}
  m_GameObject: {fileID: 754552552506899750}
  m_Enabled: 1
  m_EditorHideFlags: 0
  m_Script: {fileID: 11500000, guid: 5e49d135ecc262349b0d4e82566e04fb, type: 3}
  m_Name: 
  m_EditorClassIdentifier: 
  mouseLeft: {fileID: 2853367278895588398}
  mouseRight: {fileID: 7662850261866763964}
  spaceKey: {fileID: 0}
  fKey: {fileID: 0}
--- !u!70 &754552552506899749
CapsuleCollider2D:
  m_ObjectHideFlags: 0
  m_CorrespondingSourceObject: {fileID: 0}
  m_PrefabInstance: {fileID: 0}
  m_PrefabAsset: {fileID: 0}
  m_GameObject: {fileID: 754552552506899750}
  m_Enabled: 1
  m_Density: 1
  m_Material: {fileID: 0}
  m_IsTrigger: 0
  m_UsedByEffector: 0
  m_UsedByComposite: 0
  m_Offset: {x: 0, y: 0.005}
  m_Size: {x: 0.12, y: 0.07}
  m_Direction: 1
--- !u!210 &8835543570737742249
SortingGroup:
  m_ObjectHideFlags: 0
  m_CorrespondingSourceObject: {fileID: 0}
  m_PrefabInstance: {fileID: 0}
  m_PrefabAsset: {fileID: 0}
  m_GameObject: {fileID: 754552552506899750}
  m_Enabled: 1
  m_SortingLayerID: 539338111
  m_SortingLayer: 1
  m_SortingOrder: 1
--- !u!114 &8835543570737742250
MonoBehaviour:
  m_ObjectHideFlags: 0
  m_CorrespondingSourceObject: {fileID: 0}
  m_PrefabInstance: {fileID: 0}
  m_PrefabAsset: {fileID: 0}
  m_GameObject: {fileID: 754552552506899750}
  m_Enabled: 1
  m_EditorHideFlags: 0
  m_Script: {fileID: 11500000, guid: 7cd2507ed6632444ba21e5426c91e8f9, type: 3}
  m_Name: 
  m_EditorClassIdentifier: 
  maxHealth: 8
  authorized: 0
  isMachine: 1
  currentHealth: 8
  keysHeal: 0
--- !u!1 &3930567491862874368
GameObject:
  m_ObjectHideFlags: 0
  m_CorrespondingSourceObject: {fileID: 0}
  m_PrefabInstance: {fileID: 0}
  m_PrefabAsset: {fileID: 0}
  serializedVersion: 6
  m_Component:
  - component: {fileID: 3930567491862874369}
  m_Layer: 0
  m_Name: FiringPoint
  m_TagString: Untagged
  m_Icon: {fileID: 0}
  m_NavMeshLayer: 0
  m_StaticEditorFlags: 0
  m_IsActive: 1
--- !u!4 &3930567491862874369
Transform:
  m_ObjectHideFlags: 0
  m_CorrespondingSourceObject: {fileID: 0}
  m_PrefabInstance: {fileID: 0}
  m_PrefabAsset: {fileID: 0}
  m_GameObject: {fileID: 3930567491862874368}
  m_LocalRotation: {x: 0, y: 0, z: 0, w: 1}
  m_LocalPosition: {x: 0, y: 0.137, z: 0}
  m_LocalScale: {x: 1, y: 1, z: 1}
  m_Children: []
  m_Father: {fileID: 754552552506899747}
  m_RootOrder: 2
  m_LocalEulerAnglesHint: {x: 0, y: 0, z: 0}
--- !u!1001 &4406849502605978357
PrefabInstance:
  m_ObjectHideFlags: 0
  serializedVersion: 2
  m_Modification:
    m_TransformParent: {fileID: 754552552506899747}
    m_Modifications:
    - target: {fileID: 6304951451302788171, guid: 162edfac0a5b409489f0f587211cec3a,
        type: 3}
      propertyPath: m_Name
      value: SwitchAbility
      objectReference: {fileID: 0}
    - target: {fileID: 6304951451302788169, guid: 162edfac0a5b409489f0f587211cec3a,
        type: 3}
      propertyPath: angle.Array.size
      value: 1
      objectReference: {fileID: 0}
    - target: {fileID: 6304951451302788169, guid: 162edfac0a5b409489f0f587211cec3a,
        type: 3}
      propertyPath: firingPoint
      value: 
      objectReference: {fileID: 3930567491862874369}
    - target: {fileID: 6304951451302788169, guid: 162edfac0a5b409489f0f587211cec3a,
        type: 3}
      propertyPath: maximumAmmo
      value: 0
      objectReference: {fileID: 0}
    - target: {fileID: 6304951451302788169, guid: 162edfac0a5b409489f0f587211cec3a,
        type: 3}
      propertyPath: projectilePrefab.Array.data[0]
      value: 
      objectReference: {fileID: 1408186699931134439, guid: 8c2ca0c314dd1494aa98dc43ef98b042,
        type: 3}
    - target: {fileID: 6304951451302788169, guid: 162edfac0a5b409489f0f587211cec3a,
        type: 3}
      propertyPath: speed
      value: 250
      objectReference: {fileID: 0}
    - target: {fileID: 6304951451302788169, guid: 162edfac0a5b409489f0f587211cec3a,
        type: 3}
      propertyPath: cooldown
      value: 10
      objectReference: {fileID: 0}
    - target: {fileID: 6304951451302788169, guid: 162edfac0a5b409489f0f587211cec3a,
        type: 3}
      propertyPath: shootAudioClip
      value: 
      objectReference: {fileID: 8300000, guid: 78f91bfff89bbb440b9f02fe78d59f5d, type: 3}
    - target: {fileID: 6304951451302788169, guid: 162edfac0a5b409489f0f587211cec3a,
        type: 3}
      propertyPath: shootVolume
      value: 0.8
      objectReference: {fileID: 0}
    - target: {fileID: 6304951451302788169, guid: 162edfac0a5b409489f0f587211cec3a,
        type: 3}
      propertyPath: flip
      value: 0
      objectReference: {fileID: 0}
    - target: {fileID: 6304951451302788168, guid: 162edfac0a5b409489f0f587211cec3a,
        type: 3}
      propertyPath: m_LocalPosition.x
      value: 0
      objectReference: {fileID: 0}
    - target: {fileID: 6304951451302788168, guid: 162edfac0a5b409489f0f587211cec3a,
        type: 3}
      propertyPath: m_LocalPosition.y
      value: 0
      objectReference: {fileID: 0}
    - target: {fileID: 6304951451302788168, guid: 162edfac0a5b409489f0f587211cec3a,
        type: 3}
      propertyPath: m_LocalPosition.z
      value: 0
      objectReference: {fileID: 0}
    - target: {fileID: 6304951451302788168, guid: 162edfac0a5b409489f0f587211cec3a,
        type: 3}
      propertyPath: m_LocalRotation.x
      value: -0
      objectReference: {fileID: 0}
    - target: {fileID: 6304951451302788168, guid: 162edfac0a5b409489f0f587211cec3a,
        type: 3}
      propertyPath: m_LocalRotation.y
      value: -0
      objectReference: {fileID: 0}
    - target: {fileID: 6304951451302788168, guid: 162edfac0a5b409489f0f587211cec3a,
        type: 3}
      propertyPath: m_LocalRotation.z
      value: -0
      objectReference: {fileID: 0}
    - target: {fileID: 6304951451302788168, guid: 162edfac0a5b409489f0f587211cec3a,
        type: 3}
      propertyPath: m_LocalRotation.w
      value: 1
      objectReference: {fileID: 0}
    - target: {fileID: 6304951451302788168, guid: 162edfac0a5b409489f0f587211cec3a,
        type: 3}
      propertyPath: m_RootOrder
      value: 4
      objectReference: {fileID: 0}
    - target: {fileID: 6304951451302788168, guid: 162edfac0a5b409489f0f587211cec3a,
        type: 3}
      propertyPath: m_LocalEulerAnglesHint.x
      value: 0
      objectReference: {fileID: 0}
    - target: {fileID: 6304951451302788168, guid: 162edfac0a5b409489f0f587211cec3a,
        type: 3}
      propertyPath: m_LocalEulerAnglesHint.y
      value: 0
      objectReference: {fileID: 0}
    - target: {fileID: 6304951451302788168, guid: 162edfac0a5b409489f0f587211cec3a,
        type: 3}
      propertyPath: m_LocalEulerAnglesHint.z
      value: 0
      objectReference: {fileID: 0}
    m_RemovedComponents: []
  m_SourcePrefab: {fileID: 100100000, guid: 162edfac0a5b409489f0f587211cec3a, type: 3}
--- !u!4 &7662850261866763965 stripped
Transform:
  m_CorrespondingSourceObject: {fileID: 6304951451302788168, guid: 162edfac0a5b409489f0f587211cec3a,
    type: 3}
  m_PrefabInstance: {fileID: 4406849502605978357}
  m_PrefabAsset: {fileID: 0}
--- !u!114 &7662850261866763964 stripped
MonoBehaviour:
  m_CorrespondingSourceObject: {fileID: 6304951451302788169, guid: 162edfac0a5b409489f0f587211cec3a,
    type: 3}
  m_PrefabInstance: {fileID: 4406849502605978357}
  m_PrefabAsset: {fileID: 0}
  m_GameObject: {fileID: 0}
  m_Enabled: 1
  m_EditorHideFlags: 0
  m_Script: {fileID: 11500000, guid: 8e8cd33a14c6e8b469980d25cbf88e08, type: 3}
  m_Name: 
  m_EditorClassIdentifier: 
--- !u!1001 &8135363073397954663
PrefabInstance:
  m_ObjectHideFlags: 0
  serializedVersion: 2
  m_Modification:
    m_TransformParent: {fileID: 754552552506899747}
    m_Modifications:
    - target: {fileID: 6304951451302788171, guid: 162edfac0a5b409489f0f587211cec3a,
        type: 3}
      propertyPath: m_Name
      value: ProjectileAbility
      objectReference: {fileID: 0}
    - target: {fileID: 6304951451302788169, guid: 162edfac0a5b409489f0f587211cec3a,
        type: 3}
      propertyPath: angle.Array.size
      value: 4
      objectReference: {fileID: 0}
    - target: {fileID: 6304951451302788169, guid: 162edfac0a5b409489f0f587211cec3a,
        type: 3}
      propertyPath: firingPoint
      value: 
      objectReference: {fileID: 3930567491862874369}
    - target: {fileID: 6304951451302788169, guid: 162edfac0a5b409489f0f587211cec3a,
        type: 3}
      propertyPath: projectilePrefab.Array.data[0]
      value: 
      objectReference: {fileID: 4564451852784993941, guid: d864f4bd7505e5a4e959d94f0644ef1b,
        type: 3}
    - target: {fileID: 6304951451302788169, guid: 162edfac0a5b409489f0f587211cec3a,
        type: 3}
      propertyPath: angle.Array.data[1]
      value: 90
      objectReference: {fileID: 0}
    - target: {fileID: 6304951451302788169, guid: 162edfac0a5b409489f0f587211cec3a,
        type: 3}
      propertyPath: angle.Array.data[2]
      value: 180
      objectReference: {fileID: 0}
    - target: {fileID: 6304951451302788169, guid: 162edfac0a5b409489f0f587211cec3a,
        type: 3}
      propertyPath: angle.Array.data[3]
      value: 270
      objectReference: {fileID: 0}
    - target: {fileID: 6304951451302788169, guid: 162edfac0a5b409489f0f587211cec3a,
        type: 3}
      propertyPath: speed
      value: 250
      objectReference: {fileID: 0}
    - target: {fileID: 6304951451302788169, guid: 162edfac0a5b409489f0f587211cec3a,
        type: 3}
      propertyPath: maximumAmmo
      value: 0
      objectReference: {fileID: 0}
    - target: {fileID: 6304951451302788169, guid: 162edfac0a5b409489f0f587211cec3a,
        type: 3}
      propertyPath: shootAudioClip
      value: 
      objectReference: {fileID: 8300000, guid: 780106a653976df42bdb227b4ddef7b5, type: 3}
    - target: {fileID: 6304951451302788169, guid: 162edfac0a5b409489f0f587211cec3a,
        type: 3}
      propertyPath: shootVolume
      value: 0.9
      objectReference: {fileID: 0}
    - target: {fileID: 6304951451302788169, guid: 162edfac0a5b409489f0f587211cec3a,
        type: 3}
      propertyPath: flip
      value: 0
      objectReference: {fileID: 0}
    - target: {fileID: 6304951451302788169, guid: 162edfac0a5b409489f0f587211cec3a,
        type: 3}
      propertyPath: cooldown
      value: 0.25
      objectReference: {fileID: 0}
    - target: {fileID: 6304951451302788168, guid: 162edfac0a5b409489f0f587211cec3a,
        type: 3}
      propertyPath: m_LocalPosition.x
      value: -1.0736178
      objectReference: {fileID: 0}
    - target: {fileID: 6304951451302788168, guid: 162edfac0a5b409489f0f587211cec3a,
        type: 3}
      propertyPath: m_LocalPosition.y
      value: 0.20517184
      objectReference: {fileID: 0}
    - target: {fileID: 6304951451302788168, guid: 162edfac0a5b409489f0f587211cec3a,
        type: 3}
      propertyPath: m_LocalPosition.z
      value: 0
      objectReference: {fileID: 0}
    - target: {fileID: 6304951451302788168, guid: 162edfac0a5b409489f0f587211cec3a,
        type: 3}
      propertyPath: m_LocalRotation.x
      value: -0
      objectReference: {fileID: 0}
    - target: {fileID: 6304951451302788168, guid: 162edfac0a5b409489f0f587211cec3a,
        type: 3}
      propertyPath: m_LocalRotation.y
      value: -0
      objectReference: {fileID: 0}
    - target: {fileID: 6304951451302788168, guid: 162edfac0a5b409489f0f587211cec3a,
        type: 3}
      propertyPath: m_LocalRotation.z
      value: -0
      objectReference: {fileID: 0}
    - target: {fileID: 6304951451302788168, guid: 162edfac0a5b409489f0f587211cec3a,
        type: 3}
      propertyPath: m_LocalRotation.w
      value: 1
      objectReference: {fileID: 0}
    - target: {fileID: 6304951451302788168, guid: 162edfac0a5b409489f0f587211cec3a,
        type: 3}
      propertyPath: m_RootOrder
      value: 3
      objectReference: {fileID: 0}
    - target: {fileID: 6304951451302788168, guid: 162edfac0a5b409489f0f587211cec3a,
        type: 3}
      propertyPath: m_LocalEulerAnglesHint.x
      value: 0
      objectReference: {fileID: 0}
    - target: {fileID: 6304951451302788168, guid: 162edfac0a5b409489f0f587211cec3a,
        type: 3}
      propertyPath: m_LocalEulerAnglesHint.y
      value: 0
      objectReference: {fileID: 0}
    - target: {fileID: 6304951451302788168, guid: 162edfac0a5b409489f0f587211cec3a,
        type: 3}
      propertyPath: m_LocalEulerAnglesHint.z
      value: 0
      objectReference: {fileID: 0}
    m_RemovedComponents: []
  m_SourcePrefab: {fileID: 100100000, guid: 162edfac0a5b409489f0f587211cec3a, type: 3}
--- !u!4 &2853367278895588399 stripped
Transform:
  m_CorrespondingSourceObject: {fileID: 6304951451302788168, guid: 162edfac0a5b409489f0f587211cec3a,
    type: 3}
  m_PrefabInstance: {fileID: 8135363073397954663}
  m_PrefabAsset: {fileID: 0}
--- !u!114 &2853367278895588398 stripped
MonoBehaviour:
  m_CorrespondingSourceObject: {fileID: 6304951451302788169, guid: 162edfac0a5b409489f0f587211cec3a,
    type: 3}
  m_PrefabInstance: {fileID: 8135363073397954663}
  m_PrefabAsset: {fileID: 0}
  m_GameObject: {fileID: 0}
  m_Enabled: 1
  m_EditorHideFlags: 0
  m_Script: {fileID: 11500000, guid: 8e8cd33a14c6e8b469980d25cbf88e08, type: 3}
  m_Name: 
  m_EditorClassIdentifier: 
